 Dungeon Crawl Stone Soup version 0.25.0-9-g26727b657a (webtiles) character file.

Game seed: 15140942677431837256

19 grindst0ne the Magician (level 2, 0/20 HPs)
             Began as a Demigod Wizard on June 19, 2020.
             Slain by a jackal (2 damage)
             ... on level 1 of the Dungeon.
             The game lasted 00:01:58 (981 turns).

grindst0ne the Magician (Demigod Wizard)             Turns: 981, Time: 00:01:59

Health: 0/20       AC:  4    Str:  8 (10) XL:     2   Next: 39%
Magic:  8/8        EV: 12    Int: 20 (22) God:
Gold:   74         SH:  0    Dex: 11 (14) Spells: 5/6 levels left

rFire    . . .     SeeInvis .   (no weapon)
rCold    . . .     Gourm    .   (no shield)
rNeg     . . .     Faith    .   a - +0 robe
rPois    .         Spirit   .   b - +0 hat
rElec    .         Reflect  .   e - +1 cloak
rCorr    .         Harm     .   (no gloves)
MR       .....                  (no boots)
Stlth    ++........             o - amulet of the acrobat
HPRegen  0.06/turn              (no ring)
MPRegen  0.11/turn              (no ring)

@: very slightly contaminated
A: high mp 1
a: no special abilities


You were on level 1 of the Dungeon.
You were not hungry.

You visited 1 branch of the dungeon, and saw 2 of its levels.

You collected 74 gold pieces.

Inventory:

Missiles
 j - 4 poisoned darts (quivered)
Armour
 a - a +0 robe (worn)
 b - a +0 hat (worn)
 e - a +1 cloak (worn)
Jewellery
 o - an amulet of the acrobat (around neck)
Wands
 f - a wand of random effects (26)
Scrolls
 g - a scroll of identify {unknown}
 i - 2 scrolls of teleportation {unknown}
 k - 2 scrolls of blinking {unknown}
 m - a scroll of magic mapping {unknown}
Potions
 l - a potion of brilliance {unknown}
 n - a potion of flight {unknown}
Comestibles
 d - a ration
 p - a chunk of flesh


   Skills:
 + Level 2.2 Dodging
 - Level 1.7 Stealth
 + Level 2.9 Spellcasting
 + Level 1.4 Conjurations
   Level 0.8 Summonings
   Level 0.8 Translocations


You had 5 spell levels left.
You knew the following spells:

 Your Spells              Type           Power        Failure   Level  Hunger
a - Magic Dart            Conj           #...         8%          1    None

Your spell library contained the following spells:

 Spells                   Type           Power        Failure   Level  Hunger
 Blink                    Tloc           N/A          16%         2    ##.....
 Call Imp                 Summ           #.......     16%         2    ##.....
 Slow                     Hex            #.......     22%         2    ##.....
 Conjure Flame            Conj/Fire      #.......     32%         3    ###....
 Mephitic Cloud           Conj/Pois/Air  #.......     34%         3    ###....


Dungeon Overview and Level Annotations

Branches:
Dungeon (2/15)


Innate Abilities, Weirdness & Mutations

You have an increased reservoir of magic. (+10% MP)


Message History

Press: ? - help, Shift-Dir - straight line, f/p - jackal
Aim: a jackal (severely wounded)
You throw a poisoned dart. The poisoned dart hits the jackal.
The jackal is severely wounded.
The jackal barely misses you.
Throwing (i - inventory)
j - 5 poisoned darts (quivered)
Press: ? - help, Shift-Dir - straight line, f/p - jackal
Aim: a jackal (severely wounded)
You throw a poisoned dart.
The poisoned dart barely misses the jackal.
The jackal bites you.
* * * LOW HITPOINT WARNING * * *
It was a potion of magic.
Magic courses through your body.
The jackal bites you but does no damage.
The jackal closely misses you.
It was a potion of degeneration.
There was something very wrong with that liquid.
You feel weakened.
You feel dopey.
You feel clumsy. The jackal bites you.
You die...

##.....#########..........# ####
##......#####....#######.## #...
##...(...........# #.# ###...
##...............# #.###.....
#######....>.....##### #.##..###.
# #.##.#..####..>###.##.####.
#######.##......##...............
.......[...#.##.##(...##.....###.
#######.####....@h############ #.
#........##......##♣♣♣♣♣♣♣♣♣♣♣##.
#........##......##♣<.........'..
#........##.......#♣...♣♣♣♣♣P♣#..
#........##.......#♣....♣P♣♣.♣##.
.................##♣.♣....P♣P♣##.
#........##.......#♣.♣P.⌠....♣#..
#........##.......#♣.♣♣...P♣♣♣#..
#........##.......#♣.♣P...♣♣ #..


You could see a jackal.

Vanquished Creatures
  A dart slug (D:1)
  A goblin (D:1)
  4 hobgoblins (D:1)
  3 jackals (D:1)
  A quokka (D:1)
  2 bats (D:1)
  2 frilled lizards (D:1)
  A kobold (D:1)
15 creatures vanquished.

Notes
Turn   | Place    | Note
-------+----------+-------------------------------------------
     0 | D:1      | grindst0ne the Demigod Wizard began the quest for the Orb.
     0 | D:1      | Reached XP level 1. HP: 14/14 MP: 6/6
   126 | D:1      | Reached skill level 1 in Conjurations
   516 | D:1      | Reached XP level 2. HP: 20/20 MP: 1/8
   981 | D:1      | Slain by a jackal

Illustrated notes

Levels and vault maps discovered:
D:1:      psy_arrival_fountain, layout_rooms, dk_noncrumbling_4,
          amethyst_killhole, minmay_cupped
D:2:      layout_loops_cross, bloody_trog

Skill      XL: |  1 |
---------------+----+-----
Conjurations   | 1 |  1.4
Dodging        | 2 |  2.2
Stealth        | |  1.7
Spellcasting   | |  2.9
Summonings     | |  0.8
Translocations | |  0.8

Action                   || total
-------------------------++-------
Melee: Unarmed           ||    12
Throw: Dart              ||     7
 Cast: Magic Dart        ||    44
  Use: Potion            ||     2
Armor: Robe              ||    20
Dodge: Dodged            ||    53
